PITTSBURGH PENGUINS vs WASHINGTON BLACKHAWKS

Created - 12 novembre 2025 at 08:48

Goals
1 2 3 T
PITTSBURGH PENGUINS 0 2 0 2
WASHINGTON BLACKHAWKS 0 1 3 4
Shots
1 2 3 T
PITTSBURGH PENGUINS 17 18 21 56
WASHINGTON BLACKHAWKS 6 4 18 28

1st period

No Goal

Penalties :
Viliam Kmec (WSH) for Roughing (Minor) at 11:20

2nd period

1. PITTSBURGH PENGUINS , Tyler Tucker 1 (Carl Grundstrom 8, Matt Martin 7) at 3:53
2. PITTSBURGH PENGUINS , Nolan Allan 5 (Liam Ohgren 1, Ryder Korczak 2) at 13:05 (PP)
3. WASHINGTON BLACKHAWKS , Max Sasson 2 (Mike Reilly 4, Brett Berard 4) at 14:00

Penalties :
Akito Hirose (WSH) for High sticking (Minor) at 11:28

3rd period

4. WASHINGTON BLACKHAWKS , Pierrick Dube 2 (Ross Johnston 9, Brett Berard 5) at 5:18
5. WASHINGTON BLACKHAWKS , Lleyton Roed 4 (Danila Klimovich 6, Ryan Tverberg 7) at 5:22
6. WASHINGTON BLACKHAWKS , Lleyton Roed 5 (Danila Klimovich 7, Mike Reilly 5) at 9:39

Penalties :
Ross Johnston (WSH) for Hooking (Minor) at 2:00, Carl Grundstrom (PIT) for Tripping (Minor) at 5:24, Brett Berard (WSH) for Roughing (Minor) at 12:32, Brendan Furry (PIT) for Roughing (Minor) at 12:32

Goalie Stats

Erik Portillo (PIT), 10 saves from 10 shots - (1,000), 10:21 minutes
Marcus Hogberg (PIT), 14 saves from 18 shots - (0,778), L, 9-2-1, 49:39 minutes
Colten Ellis (WSH), 54 saves from 56 shots - (0,964), W, 9-1-1, 60:00 minutes

Players Stats for PITTSBURGH PENGUINS

Player Name              G  A  P  +/- PIM S  H  SB GA TA FO     MP     PP MP  PK MP  
------------------------------------------------------------------------------------
Brendan Furry            0  0  0  -1  2   1  1  0  0  0  0/0    15:43   0:00   0:00 
Calum Ritchie            0  0  0   0  0   0  0  0  0  0  1/2     1:45   1:45   0:00 
Carl Grundstrom          0  1  1   0  2   4  3  0  0  0  0/3    18:22   2:34   0:00 
Chase Bradley            0  0  0  -1  0   0  0  0  0  0  5/8     5:58   0:00   0:00 
Domenick Fensore         0  0  0  -2  0   1  0  0  0  0  0/0    18:07   1:03   0:00 
Jayson Megna             0  0  0  -2  0   11 1  0  0  0  19/26  23:11   2:09   1:18 
Jonathon Merrill         0  0  0  -1  0   1  1  1  0  0  0/0    21:21   2:34   0:57 
Kaedan Korczak           0  0  0   0  0   3  0  0  0  0  0/0    20:42   2:08   1:02 
Kevin Labanc             0  0  0  -2  0   8  2  0  0  0  1/1    22:54   1:52   1:18 
Liam Ohgren              0  1  1  -1  0   3  0  0  0  0  0/0    16:00   0:16   0:00 
Matt Martin              0  1  1   0  0   2  7  1  0  0  0/1    20:13   2:34   0:41 
Nathan Bastian           0  0  0  -1  0   6  2  0  0  0  1/4    16:38   1:52   0:41 
Nolan Allan              1  0  1  -1  0   3  0  1  0  0  0/0    22:04   3:17   0:57 
Ryder Korczak            0  1  1   0  0   0  0  0  0  0  0/0     1:09   1:09   0:00 
Sam Lafferty             0  0  0   0  0   6  0  0  0  0  10/19  18:23   2:34   0:00 
Thomas Bordeleau         0  0  0  -1  0   3  0  0  0  0  7/14   15:44   0:00   0:00 
Travis Dermott           0  0  0  -2  0   0  1  3  0  0  0/0    17:04   0:00   0:00 
Tyler Tucker             1  0  1   0  0   4  1  1  0  0  0/0    20:42   2:08   1:02 

Players Stats for WASHINGTON BLACKHAWKS

Player Name              G  A  P  +/- PIM S  H  SB GA TA FO     MP     PP MP  PK MP  
------------------------------------------------------------------------------------
Akito Hirose             0  0  0   0  2   0  0  0  0  0  0/0     5:29   0:00   1:01 
Brett Berard             0  2  2   2  2   4  1  0  0  0  4/14   20:43   1:26   1:45 
Danila Klimovich         0  2  2   2  0   3  2  0  0  0  4/10   22:44   0:33   3:15 
Jake Livingstone         0  0  0   1  0   1  1  5  0  0  0/0    24:31   1:26   3:14 
Jon-Randall Avon         0  0  0  -1  0   0  0  0  0  0  0/1    14:25   0:00   0:00 
Kyle McDonald            0  0  0   0  0   0  0  0  0  0  0/0     0:00   0:00   0:00 
Lleyton Roed             2  0  2   2  0   3  0  1  0  0  2/2    23:37   0:33   3:15 
Max McCormick            0  0  0   0  0   0  0  0  0  0  0/0     0:00   0:00   0:00 
Max Sasson               1  0  1   1  0   3  0  0  0  0  1/1    13:14   0:00   0:00 
Mike Reilly              0  2  2   3  0   2  0  2  0  0  0/0    20:45   0:00   0:45 
Nick DeSimone            0  0  0   3  0   2  0  4  0  0  0/0    23:39   0:33   2:02 
Nikita Novikov           0  0  0   0  0   3  3  1  0  0  0/0    30:15   1:26   2:57 
Pierrick Dube            1  0  1   2  0   2  0  0  0  0  3/6    21:58   1:26   2:20 
Ross Johnston            0  1  1   0  2   4  3  2  0  0  0/4    19:16   0:33   0:00 
Ryan Tverberg            0  1  1   2  0   0  1  0  0  0  14/22  21:27   1:26   0:00 
Samuel Lipkin            0  0  0  -1  0   1  0  0  0  0  6/18   15:33   0:00   0:47 
Viliam Kmec              0  0  0  -1  2   0  2  1  0  0  0/0    14:46   0:33   0:59 
Zack MacEwen             0  0  0   0  0   0  0  0  0  0  0/0     0:00   0:00   0:00 

3 Stars

1 - Colten Ellis (WSH)
2 - Lleyton Roed (WSH)
3 - Mike Reilly (WSH)

Power Play

PITTSBURGH PENGUINS - 1 on 3 Attempt(s) - 33,33%
WASHINGTON BLACKHAWKS - 0 on 1 Attempt(s) - 0,00%

Penalty Kill

PITTSBURGH PENGUINS - 1 on 1 Attempt(s) - 100,00% - Score 0 goal in Penalty Kill
WASHINGTON BLACKHAWKS - 2 on 3 Attempt(s) - 66,67% - Score 0 goal in Penalty Kill

Team Stat

PITTSBURGH PENGUINS - Hits : 19 - Faceoff Wins : 44 - Blocked Shots : 7 - Penalty Minutes : 4
WASHINGTON BLACKHAWKS - Hits : 13 - Faceoff Wins : 34 - Blocked Shots : 16 - Penalty Minutes : 8

Official

Referees : Tom Chmielewski and Corey Syvret
Linesman : Kyle Allen and Matt Brady

Game Notes

Erik Portillo enters game at 9:39 of 3rd period

PITTSBURGH PENGUINS

5 vs 5 Forward 
   Center                   Left Wing                Right Wing               Time % Phy DF OF 
 1 Jayson Megna             Kevin Labanc             Nathan Bastian           36     1   2  2  
 2 Sam Lafferty             Matt Martin              Carl Grundstrom          31     1   2  2  
 3 Thomas Bordeleau         Brendan Furry            Liam Ohgren              23     1   2  2  
 4 Chase Bradley            Jayson Megna             Kevin Labanc             10     1   2  2  

5 vs 5 Defense 
   Defense                  Defense                                           Time % Phy DF OF 
 1 Jonathon Merrill         Nolan Allan                                       36     1   2  2  
 2 Kaedan Korczak           Tyler Tucker                                      31     1   2  2  
 3 Domenick Fensore         Travis Dermott                                    23     1   2  2  
 4 Jonathon Merrill         Nolan Allan                                       10     1   2  2  

PowerPlay Forward 
   Center                   Left Wing                Right Wing               Time % Phy DF OF 
 1 Jayson Megna             Kevin Labanc             Nathan Bastian           55     1   2  2  
 2 Sam Lafferty             Matt Martin              Carl Grundstrom          45     1   2  2  

PowerPlay Defense
   Defense                  Defense                                           Time % Phy DF OF 
 1 Jonathon Merrill         Nolan Allan                                       55     1   2  2  
 2 Kaedan Korczak           Tyler Tucker                                      45     1   2  2  

Penalty Kill 4 Players Forward 
   Center                   Wing                     Time % Phy DF OF 
 1 Jayson Megna             Kevin Labanc             55     1   2  2  
 2 Nathan Bastian           Matt Martin              45     1   2  2  

Penalty Kill 4 Players Defense
   Defense                  Defense                  Time % Phy DF OF 
 1 Jonathon Merrill         Nolan Allan              55     1   2  2  
 2 Kaedan Korczak           Tyler Tucker             45     1   2  2  

Penalty Kill - 3 Players Forward 
   Forward                                           Time % Phy DF OF 
 1 Jayson Megna                                      55     1   2  2  
 2 Kevin Labanc                                      45     1   2  2  

Penalty Kill - 3 Players Defense
   Defense                  Defense                  Time % Phy DF OF 
 1 Jonathon Merrill         Nolan Allan              55     1   2  2  
 2 Kaedan Korczak           Tyler Tucker             45     1   2  2  

4 vs 4 Forward 
   Center                   Wing                     Time % Phy DF OF 
 1 Jayson Megna             Kevin Labanc             55     1   2  2  
 2 Nathan Bastian           Matt Martin              45     1   2  2  

4 vs 4 Defense
   Defense                  Defense                  Time % Phy DF OF 
 1 Jonathon Merrill         Nolan Allan              55     1   2  2  
 2 Kaedan Korczak           Tyler Tucker             45     1   2  2  

Last Minutes Offensive
   Center                   Left Wing                Right Wing               Defense                  Defense                  
   Jayson Megna             Kevin Labanc             Nathan Bastian           Jonathon Merrill         Nolan Allan              

Last Minutes Defensive
   Center                   Left Wing                Right Wing               Defense                  Defense                  
   Jayson Megna             Kevin Labanc             Nathan Bastian           Jonathon Merrill         Nolan Allan              

Goaltenders
Starting : Marcus Hogberg           
Backup : Erik Portillo            

Extra Forwards
Normal : Ryder Korczak, Calum Ritchie, Brendan Furry - PP : Ryder Korczak, Calum Ritchie - PK : Brendan Furry
Extra Defensemen
Normal : Domenick Fensore, Travis Dermott, Kaedan Korczak - PP : Domenick Fensore - PK : Travis Dermott, Kaedan Korczak
Penalty Shots
Jayson Megna, Kevin Labanc, Nathan Bastian, Matt Martin, Carl Grundstrom

Scratches
Emmitt Finnie (Healthy), Dennis Gilbert (Left Hip Injury), Zach Dean (Healthy), Terik Parascak (Healthy), Lukas Cormier (Healthy)
Felix Sandstrom (Healthy)

WASHINGTON BLACKHAWKS

5 vs 5 Forward 
   Center                   Left Wing                Right Wing               Time % Phy DF OF 
 1 Ryan Tverberg            Danila Klimovich         Lleyton Roed             30     1   2  2  
 2 Ross Johnston            Brett Berard             Pierrick Dube            29     1   2  2  
 3 Brett Berard             Pierrick Dube            Max Sasson               23     1   2  2  
 4 Samuel Lipkin            Ross Johnston            Jon-Randall Avon         18     1   2  2  

5 vs 5 Defense 
   Defense                  Defense                                           Time % Phy DF OF 
 1 Nikita Novikov           Jake Livingstone                                  36     1   2  2  
 2 Mike Reilly              Nick DeSimone                                     31     1   2  2  
 3 Nikita Novikov           Viliam Kmec                                       23     1   2  2  
 4 Nikita Novikov           Jake Livingstone                                  10     1   2  2  

PowerPlay Forward 
   Center                   Left Wing                Right Wing               Time % Phy DF OF 
 1 Ryan Tverberg            Pierrick Dube            Brett Berard             55     1   2  2  
 2 Danila Klimovich         Lleyton Roed             Ross Johnston            45     1   2  2  

PowerPlay Defense
   Defense                  Defense                                           Time % Phy DF OF 
 1 Nikita Novikov           Jake Livingstone                                  55     1   2  2  
 2 Viliam Kmec              Nick DeSimone                                     45     1   2  2  

Penalty Kill 4 Players Forward 
   Center                   Wing                     Time % Phy DF OF 
 1 Danila Klimovich         Lleyton Roed             55     1   2  2  
 2 Pierrick Dube            Brett Berard             45     1   2  2  

Penalty Kill 4 Players Defense
   Defense                  Defense                  Time % Phy DF OF 
 1 Jake Livingstone         Nikita Novikov           55     1   2  2  
 2 Nick DeSimone            Viliam Kmec              45     1   2  2  

Penalty Kill - 3 Players Forward 
   Forward                                           Time % Phy DF OF 
 1 Pierrick Dube                                     55     1   2  2  
 2 Ryan Tverberg                                     45     1   2  2  

Penalty Kill - 3 Players Defense
   Defense                  Defense                  Time % Phy DF OF 
 1 Jake Livingstone         Nikita Novikov           55     1   2  2  
 2 Viliam Kmec              Nick DeSimone            45     1   2  2  

4 vs 4 Forward 
   Center                   Wing                     Time % Phy DF OF 
 1 Brett Berard             Ryan Tverberg            55     1   2  2  
 2 Danila Klimovich         Pierrick Dube            45     1   2  2  

4 vs 4 Defense
   Defense                  Defense                  Time % Phy DF OF 
 1 Nikita Novikov           Jake Livingstone         55     1   2  2  
 2 Nick DeSimone            Viliam Kmec              45     1   2  2  

Last Minutes Offensive
   Center                   Left Wing                Right Wing               Defense                  Defense                  
   Danila Klimovich         Brett Berard             Lleyton Roed             Nikita Novikov           Jake Livingstone         

Last Minutes Defensive
   Center                   Left Wing                Right Wing               Defense                  Defense                  
   Danila Klimovich         Brett Berard             Lleyton Roed             Nikita Novikov           Jake Livingstone         

Goaltenders
Starting : Colten Ellis             
Backup : Pheonix Copley           

Extra Forwards
Normal : Brett Berard, Lleyton Roed, Pierrick Dube - PP : Pierrick Dube, Ross Johnston - PK : Pierrick Dube
Extra Defensemen
Normal : Jake Livingstone, Nikita Novikov, Nick DeSimone - PP : Jake Livingstone - PK : Nick DeSimone, Nikita Novikov
Penalty Shots
Pierrick Dube, Lleyton Roed, Ross Johnston, Max Sasson, Ryan Tverberg

Scratches
Andreas Englund (Healthy), Brady Stonehouse (Healthy), Cooper Flinton (Healthy), Marshall Warren (Healthy), Max Wanner (Healthy)
Oliver Kylington (Healthy), Josh Filmon (Healthy), Ryan Hofer (Healthy), Quinn Hutson (Healthy), Olivier Rodrigue (Healthy)
William Rousseau (Healthy), Vadim Zherenko (Healthy)

% Time on Ice - PITTSBURGH PENGUINS

Lines # - Real PCT - Wanted PCT - Time Play
Normal Forward
1 - 26% - 36% - 12:56
2 - 31% - 31% - 15:49
3 - 31% - 23% - 15:44
4 - 12% - 10% - 5:58
Normal Defense
1 - 32% - 36% - 16:05
2 - 32% - 31% - 16:09
3 - 34% - 23% - 17:04
4 - 2% - 10% - 1:09
PP Forward
1 - 49% - 55% - 2:45
2 - 51% - 45% - 2:50
PP Defense
1 - 62% - 55% - 3:27
2 - 38% - 45% - 2:08
PK Forward
1 - 66% - 55% - 1:18
2 - 34% - 45% - 0:41
PK Defense
1 - 48% - 55% - 0:57
2 - 52% - 45% - 1:02
PK3 Forward
1 - 0% - 55%
2 - 0% - 45%
PK3 Defense
1 - 0% - 55%
2 - 0% - 45%
44 Forward
1 - 42% - 55% - 0:50
2 - 58% - 45% - 1:09
44 Defense
1 - 30% - 55% - 0:36
2 - 70% - 45% - 1:23
Last Minute Offensive  - 0:00
Last Minute Defensive  - 0:00
Total
Forward - 60:00
Defense - 60:00

% Time on Ice - WASHINGTON BLACKHAWKS

Lines # - Real PCT - Wanted PCT - Time Play
Normal Forward
1 - 37% - 30% - 18:29
2 - 9% - 29% - 4:19
3 - 26% - 23% - 13:14
4 - 29% - 18% - 14:25
Normal Defense
1 - 33% - 36% - 16:28
2 - 40% - 31% - 20:18
3 - 24% - 23% - 11:53
4 - 4% - 10% - 1:48
PP Forward
1 - 72% - 55% - 1:26
2 - 28% - 45% - 0:33
PP Defense
1 - 72% - 55% - 1:26
2 - 28% - 45% - 0:33
PK Forward
1 - 66% - 55% - 3:41
2 - 34% - 45% - 1:54
PK Defense
1 - 61% - 55% - 3:26
2 - 39% - 45% - 2:09
PK3 Forward
1 - 0% - 55%
2 - 0% - 45%
PK3 Defense
1 - 0% - 55%
2 - 0% - 45%
44 Forward
1 - 77% - 55% - 1:32
2 - 23% - 45% - 0:27
44 Defense
1 - 46% - 55% - 0:55
2 - 54% - 45% - 1:04
Last Minute Offensive  - 0:00
Last Minute Defensive  - 0:00
Total
Forward - 60:00
Defense - 60:00

Play-by-Play

1st period


0:01 of 1st period - Nathan Bastian wins face-off versus Ryan Tverberg in neutral zone.
0:22 of 1st period - Shot by Jake Livingstone.
0:22 of 1st period - Stopped by Marcus Hogberg without a rebound.
0:23 of 1st period - Sam Lafferty wins face-off versus Ross Johnston in PITTSBURGH PENGUINS zone.
0:23 of 1st period - Sam Lafferty is hit by Ross Johnston.
0:51 of 1st period - Ross Johnston is hit by Tyler Tucker and loses puck.
1:43 of 1st period - Icing by Nikita Novikov.
1:44 of 1st period - Jayson Megna wins face-off versus Ryan Tverberg in WASHINGTON BLACKHAWKS zone.
2:31 of 1st period - Shot by Max Sasson.
2:31 of 1st period - Stopped by Marcus Hogberg without a rebound.
2:32 of 1st period - Samuel Lipkin wins face-off versus Thomas Bordeleau in PITTSBURGH PENGUINS zone.
2:33 of 1st period - Shot by Ross Johnston.
2:33 of 1st period - Stopped by Marcus Hogberg without a rebound.
2:34 of 1st period - Thomas Bordeleau wins face-off versus Samuel Lipkin in PITTSBURGH PENGUINS zone.
2:38 of 1st period - Off-side.
2:39 of 1st period - Thomas Bordeleau wins face-off versus Samuel Lipkin in neutral zone.
3:06 of 1st period - Shot by Liam Ohgren.
3:06 of 1st period - Shot Misses the Net.
3:39 of 1st period - Shot by Carl Grundstrom.
3:39 of 1st period - Stopped by Colten Ellis without a rebound.
3:40 of 1st period - Chase Bradley wins face-off versus Ryan Tverberg in WASHINGTON BLACKHAWKS zone.
3:53 of 1st period - Shot by Jayson Megna.
3:53 of 1st period - Stopped by Colten Ellis without a rebound.
3:54 of 1st period - Brett Berard wins face-off versus Sam Lafferty in WASHINGTON BLACKHAWKS zone.
3:54 of 1st period - Brett Berard is hit by Matt Martin.
4:11 of 1st period - Shot by Brett Berard.
4:11 of 1st period - Shot Misses the Net.
4:54 of 1st period - Shot by Nathan Bastian.
4:54 of 1st period - Shot Misses the Net.
6:22 of 1st period - Shot by Danila Klimovich.
6:22 of 1st period - Shot Misses the Net.
6:32 of 1st period - Shot by Ryan Tverberg.
6:32 of 1st period - Shot Blocked by Matt Martin.
6:46 of 1st period - Shot by Ryan Tverberg.
6:46 of 1st period - Shot Misses the Net.
6:48 of 1st period - Shot by Danila Klimovich.
6:48 of 1st period - Stopped by Marcus Hogberg without a rebound.
6:49 of 1st period - Jayson Megna wins face-off versus Samuel Lipkin in PITTSBURGH PENGUINS zone.
7:04 of 1st period - Shot by Nathan Bastian.
7:04 of 1st period - Shot Blocked by Mike Reilly.
7:18 of 1st period - Shot by Jayson Megna.
7:18 of 1st period - Shot Blocked by Ross Johnston.
7:46 of 1st period - Shot by Matt Martin.
7:46 of 1st period - Shot Misses the Net.
8:24 of 1st period - Shot by Brendan Furry.
8:24 of 1st period - Shot Misses the Net.
8:40 of 1st period - Domenick Fensore is hit by Danila Klimovich and loses puck.
8:56 of 1st period - Kevin Labanc is hit by Jake Livingstone and loses puck.
9:01 of 1st period - Shot by Kevin Labanc.
9:01 of 1st period - Shot Misses the Net.
9:03 of 1st period - Shot by Kevin Labanc.
9:03 of 1st period - Deflect By Jayson Megna.
9:03 of 1st period - Stopped by Colten Ellis without a rebound.
9:04 of 1st period - Jayson Megna wins face-off versus Brett Berard in WASHINGTON BLACKHAWKS zone.
9:07 of 1st period - Shot by Nathan Bastian.
9:07 of 1st period - Shot Blocked by Nick DeSimone.
9:09 of 1st period - Shot by Kaedan Korczak.
9:09 of 1st period - Stopped by Colten Ellis without a rebound.
9:10 of 1st period - Brett Berard wins face-off versus Jayson Megna in WASHINGTON BLACKHAWKS zone.
9:16 of 1st period - Icing by Jonathon Merrill.
9:17 of 1st period - Jayson Megna wins face-off versus Brett Berard in PITTSBURGH PENGUINS zone.
9:17 of 1st period - Jayson Megna is hit by Brett Berard.
9:22 of 1st period - Off-side.
9:23 of 1st period - Sam Lafferty wins face-off versus Brett Berard in neutral zone.
9:28 of 1st period - Shot by Carl Grundstrom.
9:28 of 1st period - Stopped by Colten Ellis with a rebound.
10:19 of 1st period - Shot by Nathan Bastian.
10:19 of 1st period - Stopped by Colten Ellis with a rebound.
10:31 of 1st period - Shot by Nathan Bastian.
10:31 of 1st period - Stopped by Colten Ellis without a rebound.
10:32 of 1st period - Samuel Lipkin wins face-off versus Thomas Bordeleau in WASHINGTON BLACKHAWKS zone.
10:32 of 1st period - Samuel Lipkin is hit by Brendan Furry.
10:44 of 1st period - Shot by Ross Johnston.
10:44 of 1st period - Shot Blocked by Travis Dermott.
10:46 of 1st period - Shot by Nikita Novikov.
10:46 of 1st period - Stopped by Marcus Hogberg without a rebound.
10:47 of 1st period - Ryan Tverberg wins face-off versus Chase Bradley in PITTSBURGH PENGUINS zone.
10:57 of 1st period - Jake Livingstone is hit by Kevin Labanc and loses puck.
11:02 of 1st period - Shot by Jayson Megna.
11:02 of 1st period - Shot Blocked by Jake Livingstone.
11:04 of 1st period - Shot by Tyler Tucker.
11:04 of 1st period - Stopped by Colten Ellis without a rebound.
11:05 of 1st period - Samuel Lipkin wins face-off versus Sam Lafferty in WASHINGTON BLACKHAWKS zone.
11:20 of 1st period - Minor Penalty to Viliam Kmec for Roughing.
11:21 of 1st period - Jayson Megna wins face-off versus Danila Klimovich in WASHINGTON BLACKHAWKS zone.
11:22 of 1st period - Shot by Nathan Bastian.
11:22 of 1st period - Shot Misses the Net.
11:24 of 1st period - Shot by Kaedan Korczak.
11:24 of 1st period - Stopped by Colten Ellis without a rebound.
11:25 of 1st period - Danila Klimovich wins face-off versus Sam Lafferty in WASHINGTON BLACKHAWKS zone.
11:25 of 1st period - Danila Klimovich is hit by Matt Martin.
12:11 of 1st period - Shot by Nathan Bastian.
12:11 of 1st period - Shot Blocked by Jake Livingstone.
12:17 of 1st period - Shot by Nathan Bastian.
12:17 of 1st period - Stopped by Colten Ellis with a rebound.
12:19 of 1st period - Shot by Kaedan Korczak.
12:19 of 1st period - Shot Misses the Net.
12:37 of 1st period - Shot by Nathan Bastian.
12:37 of 1st period - Shot Misses the Net.
12:39 of 1st period - Shot by Kaedan Korczak.
12:39 of 1st period - Stopped by Colten Ellis without a rebound.
12:40 of 1st period - Jayson Megna wins face-off versus Pierrick Dube in WASHINGTON BLACKHAWKS zone.
12:43 of 1st period - Shot by Nolan Allan.
12:43 of 1st period - Stopped by Colten Ellis without a rebound.
12:44 of 1st period - Pierrick Dube wins face-off versus Sam Lafferty in WASHINGTON BLACKHAWKS zone.
13:26 of 1st period - Domenick Fensore is hit by Ross Johnston and loses puck.
13:45 of 1st period - Shot by Samuel Lipkin.
13:45 of 1st period - Deflect By Ross Johnston.
13:45 of 1st period - Stopped by Marcus Hogberg with a rebound.
13:53 of 1st period - Shot by Ross Johnston.
13:53 of 1st period - Shot Blocked by Travis Dermott.
14:47 of 1st period - Shot by Jayson Megna.
14:47 of 1st period - Stopped by Colten Ellis without a rebound.
14:48 of 1st period - Ryan Tverberg wins face-off versus Sam Lafferty in WASHINGTON BLACKHAWKS zone.
14:48 of 1st period - Ryan Tverberg is hit by Carl Grundstrom.
15:02 of 1st period - Shot by Danila Klimovich.
15:02 of 1st period - Deflect By Lleyton Roed.
15:02 of 1st period - Shot Misses the Net.
15:16 of 1st period - Shot by Sam Lafferty.
15:16 of 1st period - Stopped by Colten Ellis without a rebound.
15:17 of 1st period - Chase Bradley wins face-off versus Samuel Lipkin in WASHINGTON BLACKHAWKS zone.
15:26 of 1st period - Shot by Chase Bradley.
15:26 of 1st period - Shot Misses the Net.
16:00 of 1st period - Max Sasson is hit by Jayson Megna and loses puck.
16:55 of 1st period - Shot by Thomas Bordeleau.
16:55 of 1st period - Stopped by Colten Ellis without a rebound.
16:56 of 1st period - Sam Lafferty wins face-off versus Danila Klimovich in WASHINGTON BLACKHAWKS zone.
17:09 of 1st period - Shot by Danila Klimovich.
17:09 of 1st period - Shot Misses the Net.
17:22 of 1st period - Shot by Sam Lafferty.
17:22 of 1st period - Stopped by Colten Ellis with a rebound.
17:24 of 1st period - Shot by Jonathon Merrill.
17:24 of 1st period - Stopped by Colten Ellis with a rebound.
17:35 of 1st period - Danila Klimovich is hit by Matt Martin and loses puck.
17:50 of 1st period - Brendan Furry is hit by Ryan Tverberg and loses puck.
18:39 of 1st period - Nathan Bastian is hit by Nikita Novikov and loses puck.
18:49 of 1st period - Jayson Megna is hit by Nikita Novikov.
19:27 of 1st period - Jake Livingstone is hit by Matt Martin and loses puck.
Goals for this period are 0 for PITTSBURGH PENGUINS vs 0 for WASHINGTON BLACKHAWKS.
Shots for this period are 17 for PITTSBURGH PENGUINS vs 6 for WASHINGTON BLACKHAWKS.

2nd period


0:01 of 2nd period - Kevin Labanc wins face-off versus Ross Johnston in neutral zone.
0:50 of 2nd period - Ross Johnston is hit by Nathan Bastian and loses puck.
1:10 of 2nd period - Carl Grundstrom is hit by Danila Klimovich and loses puck.
1:17 of 2nd period - Icing by Carl Grundstrom.
1:18 of 2nd period - Sam Lafferty wins face-off versus Danila Klimovich in PITTSBURGH PENGUINS zone.
2:21 of 2nd period - Icing by Brendan Furry.
2:22 of 2nd period - Thomas Bordeleau wins face-off versus Samuel Lipkin in PITTSBURGH PENGUINS zone.
3:14 of 2nd period - Shot by Kevin Labanc.
3:14 of 2nd period - Stopped by Colten Ellis with a rebound.
3:21 of 2nd period - Kevin Labanc is hit by Viliam Kmec and loses puck.
3:40 of 2nd period - Nikita Novikov is hit by Carl Grundstrom and loses puck.
3:51 of 2nd period - Shot by Carl Grundstrom.
3:51 of 2nd period - Shot Misses the Net.
3:53 of 2nd period - Shot by Tyler Tucker.
3:53 of 2nd period - Goal by Tyler Tucker - PITTSBURGH PENGUINS : 1 - WASHINGTON BLACKHAWKS : 0.
3:54 of 2nd period - Chase Bradley wins face-off versus Brett Berard in neutral zone.
4:03 of 2nd period - Shot by Jayson Megna.
4:03 of 2nd period - Shot Misses the Net.
4:51 of 2nd period - Icing by Jake Livingstone.
4:52 of 2nd period - Ryan Tverberg wins face-off versus Thomas Bordeleau in WASHINGTON BLACKHAWKS zone.
5:05 of 2nd period - Shot by Brendan Furry.
5:05 of 2nd period - Deflect By Liam Ohgren.
5:05 of 2nd period - Stopped by Colten Ellis without a rebound.
5:06 of 2nd period - Brett Berard wins face-off versus Carl Grundstrom in WASHINGTON BLACKHAWKS zone.
5:06 of 2nd period - Brett Berard is hit by Matt Martin.
5:18 of 2nd period - Shot by Sam Lafferty.
5:18 of 2nd period - Shot Misses the Net.
5:20 of 2nd period - Shot by Carl Grundstrom.
5:20 of 2nd period - Shot Blocked by Nikita Novikov.
5:22 of 2nd period - Shot by Matt Martin.
5:22 of 2nd period - Shot Misses the Net.
5:32 of 2nd period - Shot by Matt Martin.
5:32 of 2nd period - Deflect By Carl Grundstrom.
5:32 of 2nd period - Shot Misses the Net.
5:40 of 2nd period - Shot by Carl Grundstrom.
5:40 of 2nd period - Stopped by Colten Ellis without a rebound.
5:41 of 2nd period - Ryan Tverberg wins face-off versus Thomas Bordeleau in WASHINGTON BLACKHAWKS zone.
5:54 of 2nd period - Shot by Brendan Furry.
5:54 of 2nd period - Stopped by Colten Ellis without a rebound.
5:55 of 2nd period - Jayson Megna wins face-off versus Ryan Tverberg in WASHINGTON BLACKHAWKS zone.
6:00 of 2nd period - Shot by Kevin Labanc.
6:00 of 2nd period - Stopped by Colten Ellis with a rebound.
6:24 of 2nd period - Shot by Danila Klimovich.
6:24 of 2nd period - Shot Misses the Net.
6:26 of 2nd period - Shot by Mike Reilly.
6:26 of 2nd period - Shot Misses the Net.
7:31 of 2nd period - Shot by Liam Ohgren.
7:31 of 2nd period - Shot Misses the Net.
7:46 of 2nd period - Shot by Thomas Bordeleau.
7:46 of 2nd period - Deflect By Liam Ohgren.
7:46 of 2nd period - Stopped by Colten Ellis with a rebound.
7:59 of 2nd period - Shot by Liam Ohgren.
7:59 of 2nd period - Shot Misses the Net.
8:13 of 2nd period - Shot by Tyler Tucker.
8:13 of 2nd period - Shot Misses the Net.
8:59 of 2nd period - Shot by Danila Klimovich.
8:59 of 2nd period - Shot Blocked by Nolan Allan.
9:01 of 2nd period - Shot by Danila Klimovich.
9:01 of 2nd period - Stopped by Marcus Hogberg with a rebound.
9:03 of 2nd period - Shot by Mike Reilly.
9:03 of 2nd period - Stopped by Marcus Hogberg without a rebound.
9:04 of 2nd period - Thomas Bordeleau wins face-off versus Jon-Randall Avon in PITTSBURGH PENGUINS zone.
9:04 of 2nd period - Thomas Bordeleau is hit by Ross Johnston.
9:31 of 2nd period - Icing by Nick DeSimone.
9:32 of 2nd period - Sam Lafferty wins face-off versus Samuel Lipkin in WASHINGTON BLACKHAWKS zone.
9:33 of 2nd period - Shot by Carl Grundstrom.
9:33 of 2nd period - Shot Blocked by Nick DeSimone.
10:11 of 2nd period - Icing by Tyler Tucker.
10:12 of 2nd period - Ryan Tverberg wins face-off versus Jayson Megna in PITTSBURGH PENGUINS zone.
10:19 of 2nd period - Shot by Danila Klimovich.
10:19 of 2nd period - Shot Misses the Net.
10:58 of 2nd period - Off-side.
10:59 of 2nd period - Thomas Bordeleau wins face-off versus Samuel Lipkin in neutral zone.
11:01 of 2nd period - Liam Ohgren is hit by Viliam Kmec and loses puck.
11:13 of 2nd period - Shot by Thomas Bordeleau.
11:13 of 2nd period - Stopped by Colten Ellis with a rebound.
11:27 of 2nd period - Shot by Thomas Bordeleau.
11:27 of 2nd period - Shot Misses the Net.
11:28 of 2nd period - Minor Penalty to Akito Hirose for High sticking.
11:29 of 2nd period - Danila Klimovich wins face-off versus Carl Grundstrom in WASHINGTON BLACKHAWKS zone.
11:40 of 2nd period - Danila Klimovich is hit by Matt Martin and loses puck.
13:05 of 2nd period - Shot by Nolan Allan.
13:05 of 2nd period - Goal by Nolan Allan - PITTSBURGH PENGUINS : 2 - WASHINGTON BLACKHAWKS : 0.
13:06 of 2nd period - Thomas Bordeleau wins face-off versus Samuel Lipkin in neutral zone.
13:15 of 2nd period - Shot by Thomas Bordeleau.
13:15 of 2nd period - Shot Misses the Net.
13:56 of 2nd period - Shot by Mike Reilly.
13:56 of 2nd period - Shot Misses the Net.
14:00 of 2nd period - Shot by Max Sasson.
14:00 of 2nd period - Goal by Max Sasson - PITTSBURGH PENGUINS : 2 - WASHINGTON BLACKHAWKS : 1.
14:01 of 2nd period - Ryan Tverberg wins face-off versus Sam Lafferty in neutral zone.
14:12 of 2nd period - Shot by Sam Lafferty.
14:12 of 2nd period - Shot Misses the Net.
14:23 of 2nd period - Icing by Jake Livingstone.
14:24 of 2nd period - Ryan Tverberg wins face-off versus Jayson Megna in WASHINGTON BLACKHAWKS zone.
14:24 of 2nd period - Ryan Tverberg is hit by Nathan Bastian.
14:40 of 2nd period - Shot by Jayson Megna.
14:40 of 2nd period - Stopped by Colten Ellis without a rebound.
14:41 of 2nd period - Sam Lafferty wins face-off versus Ross Johnston in WASHINGTON BLACKHAWKS zone.
14:49 of 2nd period - Shot by Matt Martin.
14:49 of 2nd period - Shot Misses the Net.
14:51 of 2nd period - Shot by Tyler Tucker.
14:51 of 2nd period - Deflect By Matt Martin.
14:51 of 2nd period - Stopped by Colten Ellis with a rebound.
14:53 of 2nd period - Shot by Sam Lafferty.
14:53 of 2nd period - Shot Blocked by Mike Reilly.
14:55 of 2nd period - Shot by Matt Martin.
14:55 of 2nd period - Shot Misses the Net.
14:59 of 2nd period - Shot by Carl Grundstrom.
14:59 of 2nd period - Shot Blocked by Nick DeSimone.
15:49 of 2nd period - Shot by Kevin Labanc.
15:49 of 2nd period - Stopped by Colten Ellis without a rebound.
15:50 of 2nd period - Ryan Tverberg wins face-off versus Thomas Bordeleau in WASHINGTON BLACKHAWKS zone.
16:15 of 2nd period - Shot by Brendan Furry.
16:15 of 2nd period - Shot Misses the Net.
16:35 of 2nd period - Shot by Jon-Randall Avon.
16:35 of 2nd period - Shot Misses the Net.
17:02 of 2nd period - Shot by Jayson Megna.
17:02 of 2nd period - Shot Blocked by Viliam Kmec.
17:04 of 2nd period - Shot by Tyler Tucker.
17:04 of 2nd period - Stopped by Colten Ellis without a rebound.
17:05 of 2nd period - Sam Lafferty wins face-off versus Brett Berard in WASHINGTON BLACKHAWKS zone.
17:31 of 2nd period - Shot by Sam Lafferty.
17:31 of 2nd period - Stopped by Colten Ellis without a rebound.
17:32 of 2nd period - Jayson Megna wins face-off versus Ryan Tverberg in WASHINGTON BLACKHAWKS zone.
17:37 of 2nd period - Shot by Nathan Bastian.
17:37 of 2nd period - Stopped by Colten Ellis with a rebound.
17:39 of 2nd period - Shot by Kevin Labanc.
17:39 of 2nd period - Shot Misses the Net.
17:49 of 2nd period - Shot by Jayson Megna.
17:49 of 2nd period - Stopped by Colten Ellis with a rebound.
18:01 of 2nd period - Shot by Kevin Labanc.
18:01 of 2nd period - Stopped by Colten Ellis with a rebound.
18:49 of 2nd period - Shot by Brett Berard.
18:49 of 2nd period - Stopped by Marcus Hogberg without a rebound.
18:50 of 2nd period - Sam Lafferty wins face-off versus Samuel Lipkin in PITTSBURGH PENGUINS zone.
19:11 of 2nd period - Shot by Sam Lafferty.
19:11 of 2nd period - Stopped by Colten Ellis with a rebound.
19:43 of 2nd period - Shot by Jayson Megna.
19:43 of 2nd period - Shot Blocked by Ross Johnston.
19:45 of 2nd period - Shot by Tyler Tucker.
19:45 of 2nd period - Shot Misses the Net.
Goals for this period are 2 for PITTSBURGH PENGUINS vs 1 for WASHINGTON BLACKHAWKS.
Shots for this period are 18 for PITTSBURGH PENGUINS vs 4 for WASHINGTON BLACKHAWKS.

3rd period


0:01 of 3rd period - Jayson Megna wins face-off versus Brett Berard in neutral zone.
0:34 of 3rd period - Shot by Jayson Megna.
0:34 of 3rd period - Shot Misses the Net.
0:57 of 3rd period - Icing by Jonathon Merrill.
0:58 of 3rd period - Jayson Megna wins face-off versus Ryan Tverberg in PITTSBURGH PENGUINS zone.
1:23 of 3rd period - Shot by Danila Klimovich.
1:23 of 3rd period - Deflect By Lleyton Roed.
1:23 of 3rd period - Shot Misses the Net.
1:33 of 3rd period - Shot by Carl Grundstrom.
1:33 of 3rd period - Shot Misses the Net.
2:00 of 3rd period - Minor Penalty to Ross Johnston for Hooking.
2:01 of 3rd period - Jayson Megna wins face-off versus Pierrick Dube in WASHINGTON BLACKHAWKS zone.
2:45 of 3rd period - Icing by Domenick Fensore.
2:46 of 3rd period - Jayson Megna wins face-off versus Pierrick Dube in PITTSBURGH PENGUINS zone.
3:03 of 3rd period - Shot by Carl Grundstrom.
3:03 of 3rd period - Shot Misses the Net.
3:11 of 3rd period - Shot by Carl Grundstrom.
3:11 of 3rd period - Stopped by Colten Ellis with a rebound.
3:13 of 3rd period - Shot by Tyler Tucker.
3:13 of 3rd period - Stopped by Colten Ellis without a rebound.
3:14 of 3rd period - Danila Klimovich wins face-off versus Calum Ritchie in WASHINGTON BLACKHAWKS zone.
3:34 of 3rd period - Icing by Tyler Tucker.
3:35 of 3rd period - Calum Ritchie wins face-off versus Danila Klimovich in PITTSBURGH PENGUINS zone.
4:01 of 3rd period - Shot by Sam Lafferty.
4:01 of 3rd period - Shot Misses the Net.
4:13 of 3rd period - Shot by Ross Johnston.
4:13 of 3rd period - Shot Misses the Net.
4:29 of 3rd period - Shot by Thomas Bordeleau.
4:29 of 3rd period - Stopped by Colten Ellis without a rebound.
4:30 of 3rd period - Pierrick Dube wins face-off versus Chase Bradley in WASHINGTON BLACKHAWKS zone.
4:30 of 3rd period - Pierrick Dube is hit by Kevin Labanc.
4:33 of 3rd period - Icing by Max Sasson.
4:34 of 3rd period - Sam Lafferty wins face-off versus Brett Berard in WASHINGTON BLACKHAWKS zone.
4:45 of 3rd period - Shot by Sam Lafferty.
4:45 of 3rd period - Stopped by Colten Ellis with a rebound.
4:51 of 3rd period - Shot by Max Sasson.
4:51 of 3rd period - Stopped by Marcus Hogberg without a rebound.
4:52 of 3rd period - Ryan Tverberg wins face-off versus Jayson Megna in PITTSBURGH PENGUINS zone.
4:52 of 3rd period - Ryan Tverberg is hit by Travis Dermott.
4:58 of 3rd period - Icing by Jayson Megna.
4:59 of 3rd period - Jayson Megna wins face-off versus Ross Johnston in PITTSBURGH PENGUINS zone.
5:18 of 3rd period - Shot by Pierrick Dube.
5:18 of 3rd period - Goal by Pierrick Dube - PITTSBURGH PENGUINS : 2 - WASHINGTON BLACKHAWKS : 2.
5:19 of 3rd period - Ryan Tverberg wins face-off versus Matt Martin in neutral zone.
5:22 of 3rd period - Shot by Lleyton Roed.
5:22 of 3rd period - Goal by Lleyton Roed - PITTSBURGH PENGUINS : 2 - WASHINGTON BLACKHAWKS : 3.
5:23 of 3rd period - Ryan Tverberg wins face-off versus Sam Lafferty in neutral zone.
5:23 of 3rd period - Ryan Tverberg is hit by Carl Grundstrom.
5:24 of 3rd period - Minor Penalty to Carl Grundstrom for Tripping.
5:25 of 3rd period - Ryan Tverberg wins face-off versus Jayson Megna in PITTSBURGH PENGUINS zone.
5:38 of 3rd period - Shot by Brett Berard.
5:38 of 3rd period - Stopped by Marcus Hogberg with a rebound.
6:16 of 3rd period - Shot by Kevin Labanc.
6:16 of 3rd period - Stopped by Colten Ellis with a rebound.
6:18 of 3rd period - Shot by Jayson Megna.
6:18 of 3rd period - Stopped by Colten Ellis without a rebound.
6:19 of 3rd period - Jayson Megna wins face-off versus Danila Klimovich in WASHINGTON BLACKHAWKS zone.
6:51 of 3rd period - Shot by Nick DeSimone.
6:51 of 3rd period - Stopped by Marcus Hogberg without a rebound.
6:52 of 3rd period - Jayson Megna wins face-off versus Ryan Tverberg in PITTSBURGH PENGUINS zone.
7:01 of 3rd period - Shot by Nikita Novikov.
7:01 of 3rd period - Shot Blocked by Tyler Tucker.
7:07 of 3rd period - Shot by Brett Berard.
7:07 of 3rd period - Shot Misses the Net.
7:09 of 3rd period - Shot by Nikita Novikov.
7:09 of 3rd period - Stopped by Marcus Hogberg with a rebound.
7:33 of 3rd period - Shot by Liam Ohgren.
7:33 of 3rd period - Stopped by Colten Ellis without a rebound.
7:34 of 3rd period - Samuel Lipkin wins face-off versus Sam Lafferty in WASHINGTON BLACKHAWKS zone.
8:27 of 3rd period - Icing by Brendan Furry.
8:28 of 3rd period - Thomas Bordeleau wins face-off versus Brett Berard in PITTSBURGH PENGUINS zone.
8:43 of 3rd period - Shot by Thomas Bordeleau.
8:43 of 3rd period - Shot Misses the Net.
9:18 of 3rd period - Shot by Jayson Megna.
9:18 of 3rd period - Stopped by Colten Ellis without a rebound.
9:19 of 3rd period - Chase Bradley wins face-off versus Ryan Tverberg in WASHINGTON BLACKHAWKS zone.
9:20 of 3rd period - Shot by Kevin Labanc.
9:20 of 3rd period - Stopped by Colten Ellis with a rebound.
9:33 of 3rd period - Shot by Danila Klimovich.
9:33 of 3rd period - Stopped by Marcus Hogberg with a rebound.
9:37 of 3rd period - Shot by Danila Klimovich.
9:37 of 3rd period - Shot Misses the Net.
9:39 of 3rd period - Shot by Lleyton Roed.
9:39 of 3rd period - Goal by Lleyton Roed - PITTSBURGH PENGUINS : 2 - WASHINGTON BLACKHAWKS : 4.
9:39 of 3rd period - Erik Portillo enters game.
9:40 of 3rd period - Sam Lafferty wins face-off versus Samuel Lipkin in neutral zone.
10:26 of 3rd period - Icing by Viliam Kmec.
10:27 of 3rd period - Danila Klimovich wins face-off versus Nathan Bastian in WASHINGTON BLACKHAWKS zone.
10:37 of 3rd period - Lleyton Roed is hit by Jonathon Merrill and loses puck.
10:49 of 3rd period - Jayson Megna is hit by Nikita Novikov and loses puck.
10:57 of 3rd period - Shot by Kevin Labanc.
10:57 of 3rd period - Stopped by Colten Ellis without a rebound.
10:58 of 3rd period - Brett Berard wins face-off versus Thomas Bordeleau in WASHINGTON BLACKHAWKS zone.
11:09 of 3rd period - Shot by Mike Reilly.
11:09 of 3rd period - Stopped by Erik Portillo with a rebound.
11:11 of 3rd period - Shot by Nick DeSimone.
11:11 of 3rd period - Stopped by Erik Portillo with a rebound.
11:17 of 3rd period - Shot by Brett Berard.
11:17 of 3rd period - Stopped by Erik Portillo without a rebound.
11:18 of 3rd period - Samuel Lipkin wins face-off versus Chase Bradley in PITTSBURGH PENGUINS zone.
11:25 of 3rd period - Shot by Ross Johnston.
11:25 of 3rd period - Shot Misses the Net.
11:41 of 3rd period - Shot by Kevin Labanc.
11:41 of 3rd period - Deflect By Jayson Megna.
11:41 of 3rd period - Stopped by Colten Ellis with a rebound.
11:51 of 3rd period - Shot by Samuel Lipkin.
11:51 of 3rd period - Shot Blocked by Travis Dermott.
12:23 of 3rd period - Shot by Carl Grundstrom.
12:23 of 3rd period - Shot Blocked by Nick DeSimone.
12:25 of 3rd period - Shot by Nolan Allan.
12:25 of 3rd period - Stopped by Colten Ellis without a rebound.
12:26 of 3rd period - Max Sasson wins face-off versus Thomas Bordeleau in WASHINGTON BLACKHAWKS zone.
12:32 of 3rd period - Minor Penalty to Brett Berard for Roughing.
12:32 of 3rd period - Minor Penalty to Brendan Furry for Roughing.
12:33 of 3rd period - Lleyton Roed wins face-off versus Jayson Megna in neutral zone.
12:40 of 3rd period - Shot by Lleyton Roed.
12:40 of 3rd period - Shot Misses the Net.
13:02 of 3rd period - Shot by Jayson Megna.
13:02 of 3rd period - Stopped by Colten Ellis without a rebound.
13:03 of 3rd period - Lleyton Roed wins face-off versus Nathan Bastian in WASHINGTON BLACKHAWKS zone.
13:18 of 3rd period - Shot by Nathan Bastian.
13:18 of 3rd period - Deflect By Matt Martin.
13:18 of 3rd period - Stopped by Colten Ellis without a rebound.
13:19 of 3rd period - Pierrick Dube wins face-off versus Jayson Megna in WASHINGTON BLACKHAWKS zone.
13:30 of 3rd period - Shot by Nikita Novikov.
13:30 of 3rd period - Stopped by Erik Portillo without a rebound.
13:31 of 3rd period - Ryan Tverberg wins face-off versus Nathan Bastian in PITTSBURGH PENGUINS zone.
13:32 of 3rd period - Shot by Lleyton Roed.
13:32 of 3rd period - Stopped by Erik Portillo with a rebound.
14:23 of 3rd period - Shot by Danila Klimovich.
14:23 of 3rd period - Deflect By Pierrick Dube.
14:23 of 3rd period - Stopped by Erik Portillo without a rebound.
14:24 of 3rd period - Jayson Megna wins face-off versus Danila Klimovich in PITTSBURGH PENGUINS zone.
14:38 of 3rd period - Shot by Liam Ohgren.
14:38 of 3rd period - Shot Misses the Net.
14:59 of 3rd period - Shot by Samuel Lipkin.
14:59 of 3rd period - Stopped by Erik Portillo without a rebound.
15:00 of 3rd period - Chase Bradley wins face-off versus Brett Berard in PITTSBURGH PENGUINS zone.
16:16 of 3rd period - Shot by Lleyton Roed.
16:16 of 3rd period - Shot Misses the Net.
16:54 of 3rd period - Shot by Matt Martin.
16:54 of 3rd period - Shot Misses the Net.
16:56 of 3rd period - Shot by Sam Lafferty.
16:56 of 3rd period - Stopped by Colten Ellis without a rebound.
16:57 of 3rd period - Jayson Megna wins face-off versus Samuel Lipkin in WASHINGTON BLACKHAWKS zone.
16:58 of 3rd period - Shot by Nathan Bastian.
16:58 of 3rd period - Stopped by Colten Ellis without a rebound.
16:59 of 3rd period - Ryan Tverberg wins face-off versus Sam Lafferty in WASHINGTON BLACKHAWKS zone.
16:59 of 3rd period - Ryan Tverberg is hit by Matt Martin.
17:22 of 3rd period - Shot by Carl Grundstrom.
17:22 of 3rd period - Shot Blocked by Jake Livingstone.
17:24 of 3rd period - Shot by Nolan Allan.
17:24 of 3rd period - Shot Blocked by Lleyton Roed.
17:48 of 3rd period - Shot by Jayson Megna.
17:48 of 3rd period - Stopped by Colten Ellis with a rebound.
17:50 of 3rd period - Shot by Tyler Tucker.
17:50 of 3rd period - Shot Blocked by Jake Livingstone.
17:52 of 3rd period - Shot by Kaedan Korczak.
17:52 of 3rd period - Shot Blocked by Jake Livingstone.
18:10 of 3rd period - Shot by Jayson Megna.
18:10 of 3rd period - Stopped by Colten Ellis with a rebound.
18:26 of 3rd period - Shot by Liam Ohgren.
18:26 of 3rd period - Shot Misses the Net.
18:30 of 3rd period - Shot by Liam Ohgren.
18:30 of 3rd period - Shot Misses the Net.
18:32 of 3rd period - Shot by Domenick Fensore.
18:32 of 3rd period - Stopped by Colten Ellis with a rebound.
19:10 of 3rd period - Shot by Brett Berard.
19:10 of 3rd period - Stopped by Erik Portillo with a rebound.
19:12 of 3rd period - Shot by Nick DeSimone.
19:12 of 3rd period - Shot Misses the Net.
19:14 of 3rd period - Shot by Mike Reilly.
19:14 of 3rd period - Shot Blocked by Jonathon Merrill.
19:16 of 3rd period - Shot by Ross Johnston.
19:16 of 3rd period - Stopped by Erik Portillo with a rebound.
19:29 of 3rd period - Icing by Nolan Allan.
19:30 of 3rd period - Samuel Lipkin wins face-off versus Carl Grundstrom in PITTSBURGH PENGUINS zone.
19:33 of 3rd period - Shot by Ross Johnston.
19:33 of 3rd period - Stopped by Erik Portillo without a rebound.
19:34 of 3rd period - Jayson Megna wins face-off versus Brett Berard in PITTSBURGH PENGUINS zone.
19:43 of 3rd period - Shot by Jayson Megna.
19:43 of 3rd period - Deflect By Kevin Labanc.
19:43 of 3rd period - Stopped by Colten Ellis without a rebound.
19:44 of 3rd period - Jayson Megna wins face-off versus Samuel Lipkin in WASHINGTON BLACKHAWKS zone.
19:59 of 3rd period - Shot by Nathan Bastian.
19:59 of 3rd period - Stopped by Colten Ellis with a rebound.
Goals for this period are 0 for PITTSBURGH PENGUINS vs 3 for WASHINGTON BLACKHAWKS.
Shots for this period are 21 for PITTSBURGH PENGUINS vs 18 for WASHINGTON BLACKHAWKS.